 Dungeon Crawl Stone Soup version 0.30-a0-263-ge22c4ad894 (webtiles) character file.

Game seed: 10990323506095999434

137 Iusername the Trooper (level 5, -5/47 HPs)
             Began as a Minotaur Fighter on Oct 13, 2022.
             Killed from afar by a steam dragon (11 damage)
             ... with a ball of steam
             ... on level 4 of the Dungeon.
             The game lasted 00:02:30 (2282 turns).

Iusername the Trooper (Minotaur Fighter)            Turns: 2282, Time: 00:02:31

Health: -5/47      AC: 13    Str: 23    XL:     5   Next: 0%
Magic:  4/4        EV:  6    Int:  5    God:
Gold:   221        SH:  0    Dex:  9    Spells: 4/4 levels left

rFire   . . .      SeeInvis .    a - +0 war axe
rCold   . . .      Faith    .    (no shield)
rNeg    . . .      Spirit   .    l - +0 plate armour
rPois   .          Reflect  .    (helmet restricted)
rElec   .          Harm     .    (no cloak)
rCorr   .          Rampage  .    t - +0 pair of gloves
Will    .....                    (no boots)
Stlth   ..........               (no amulet)
HPRegen 0.27/turn                (no ring)
MPRegen 0.09/turn                (no ring)

@: no status effects
A: horns 2, retaliatory headbutt
a: no special abilities


You were on level 4 of the Dungeon.
You visited 1 branch of the dungeon, and saw 4 of its levels.

You collected 221 gold pieces.

Inventory:

Hand Weapons
 a - a +0 war axe (weapon)
Missiles
 m - 11 boomerangs (quivered)
Armour
 l - a +0 plate armour (worn)
 t - a +0 pair of gloves (worn)
Wands
 c - a wand of iceblast (10)
Scrolls
 b - 2 scrolls of fear {unknown}
 g - a scroll of immolation {unknown}
 n - a scroll of torment {unknown}
 o - a scroll of teleportation
 p - 2 scrolls of noise {unknown}
 q - a scroll of amnesia {unknown}
 s - a scroll of silence {unknown}
Potions
 d - a potion of might
 e - a potion of degeneration {unknown}
 f - a potion of attraction {unknown}
 h - 2 potions of heal wounds
 i - 3 potions of lignification
 j - 2 potions of brilliance
 k - a potion of curing {unknown}
 r - a potion of mutation {unknown}


   Skills:
 + Level 4.7 Fighting
 + Level 3.8 Axes
 + Level 4.6 Armour
 + Level 4.6 Shields


You had 4 spell levels left.
You didn't know any spells.
Your spell library contained the following spells:

 Spells                   Type           Power      Damage    Failure   Level
 Vhi's Electric Charge    Tloc/Air       0%         N/A       100%        3
 Arcjolt                  Conj/Air       0%         1d10      100%        5
 Maxwell's Capacitive Co  Air            0%         ∞         100%        8


Dungeon Overview and Level Annotations

Branches:
Dungeon (4/15)
 Temple: D:4-7

Altars:

Shops:
D:1 =[


Innate Abilities, Weirdness & Mutations

You have a pair of horns on your head.
You reflexively headbutt those who attack you in melee.


Message History

You continue putting on your +0 pair of gloves. x4
You finish putting on your +0 pair of gloves.
You start removing your armour.
You continue taking off your +0 buckler. x4
You hear the rusting of a very distant drain.
You finish taking off your +0 buckler.
You drop a +0 buckler.
Found a whip.
No target in view!
Found a stone staircase leading down.
No target in view!
c - a wand of iceblast (10) No target in view!
Found 2 stones.
No target in view!
You hear the rusting of a drain nearby.
A steam dragon comes into view.
The steam dragon hisses angrily.
The steam dragon breathes steam at you. The ball of steam hits you!
You're standing in a cloud of steam!
You're standing in a cloud of steam!
No reachable target in view!
You are engulfed in a cloud of scalding steam.
The steam dragon bites you.
The steam dragon claws you but does no damage.
You slash the steam dragon!
The steam dragon is moderately wounded.
You are engulfed in a cloud of scalding steam.
The steam dragon bites you but does no damage.
The steam dragon closely misses you.
You barely miss the steam dragon.
The steam dragon is moderately wounded.
You are engulfed in a cloud of scalding steam.
* * * LOW HITPOINT WARNING * * *
The steam dragon bites you but does no damage.
The steam dragon claws you.
* * * LOW HITPOINT WARNING * * *
The steam dragon breathes steam at you. The ball of steam hits you!
You die...

.........# #.......(
##.....#######.#####..
................>.....
...............).....#
##.#####.#####.#######.#
##.....................#
#.........####.#######.#
#.....[...# #.#######.#
#.........# #§§@D......
########.## ###########
#.# ..# .#.. ..#.. ..
#... ... #... #.. #....


You could see a steam dragon (catching breath).

Vanquished Creatures
  A scorpion (D:4)
  2 adders
  A dart slug (D:3)
  An orc (D:3)
  9 ball pythons
  A giant cockroach (D:2)
  5 goblins
  7 hobgoblins
  4 jackals (D:4)
  9 kobolds
  3 quokkas
  7 bats
  3 frilled lizards (D:2)
  4 rats
57 creatures vanquished.

Vanquished Creatures (others)
  A plant (D:1)
1 creature vanquished.

Grand Total: 58 creatures vanquished

Notes
Turn   | Place    | Note
-------+----------+-------------------------------------------
     0 | D:1      | Iusername the Minotaur Fighter began the quest for the Orb.
     0 | D:1      | Reached XP level 1. HP: 19/19 MP: 0/0
   321 | D:1      | Reached XP level 2. HP: 23/27 MP: 1/1
   442 | D:1      | Found Wivext's Armour Emporium.
   444 | D:1      | Found Riofewke's Jewellery Boutique.
  1110 | D:2      | Reached XP level 3. HP: 31/33 MP: 2/2
  1734 | D:3      | Found a faded altar of an unknown god.
  1918 | D:3      | Reached XP level 4. HP: 38/41 MP: 3/3
  2143 | D:4      | Noticed a scorpion
  2149 | D:4      | Killed a scorpion
  2213 | D:4      | Reached XP level 5. HP: 43/47 MP: 4/4
  2278 | D:4      | Noticed a steam dragon
  2282 | D:4      | Killed from afar by a steam dragon

Illustrated notes

Levels and vault maps discovered:
D:1:      minmay_arrival_plants_in_alcoves, layout_basic, serial_shops, shop,
          shop
D:2:      layout_loops_cross, minmay_octomino_e4
D:3:      layout_loops_cross, basic_ecumenical_altar
D:4:      layout_basic, gup_sewer_entry_glass, dk_noncrumbling_2

Skill      XL: |  1  2 |
---------------+-------+-----
Fighting       | 4 |  4.7
Armour         | 4 |  4.6
Shields        | 4 |  4.6
Axes           | 3 |  3.8

Action                   |  1- 3 |  4- 6 || total
-------------------------+-------+-------++-------
Melee: War axe           |    95 |    22 ||   117
       Headbutt          |     9 |     3 ||    12
  Use: Scroll            |       |     4 ||     4
Armor: Scale mail        |    22 |       ||    22
       Plate armour      |    43 |    25 ||    68
Dodge: Dodged            |    34 |     6 ||    40
Block: Buckler           |    27 |     3 ||    30

Table legend: (Time is in decaauts)
 A = Elapsed time spent in this place.
 B = Non-inter-level travel time spent in this place.
 C = Inter-level travel time spent in this place.
 D = Time resting spent in this place.
 E = Time spent auto-exploring this place.
 F = Levels seen in this place.
 G = Mean time per level.
                   A        B        C        D        E       F      G
               +--------+--------+--------+--------+--------+-----+--------+
         Total |   2325 |   2215 |    110 |      0 |   1805 |   4 |  581.2 |
       Dungeon |   2325 |   2215 |    110 |      0 |   1805 |   4 |  581.2 |
               +--------+--------+--------+--------+--------+-----+--------+

Top non-repeatable levels by time:
     D:2: 743 daAuts
     D:1: 733 daAuts
     D:3: 641 daAuts
     D:4: 206 daAuts
